[Event "GambitGuide"]
[Site "Internet Chess Club"]
[Date "2014.10.31"]
[Round "1"]
[White "JSBach"]
[Black "Anunnaki"]
[Result "1-0"]
[ICCResult "Black resigns"]
[WhiteElo "1602"]
[BlackElo "1672"]
[Opening "Vienna: `Frankenstein-Dracula' variation"]
[ECO "C27"]
[NIC "VG.02"]
[Time "12:18:57"]
[TimeControl "120+12"]

1. e4 e5 2. Nc3 Nf6 3. Bc4 Nxe4 4. Qh5 Nd6 5. Bb3 Nc6 6. Nb5 g6 7. Qf3 f5 8.
Qd5 Qe7 9. Nxc7+ Kd8 10. Nxa8 b6 11. d3 Bb7 12. Nxb6 axb6 13. Qf3 Nd4 14.
Qh3 e4 15. Be3 Bg7 16. dxe4 Nxe4 17. c3 f4 18. cxd4 fxe3 19. fxe3 Qb4+ 20.
Kf1 Ba6+ 21. Ne2 Rf8+ 22. Kg1 Qd2 23. Ba4 b5 24. Qh4+ g5 25. Qxe4 Qxe2 26.
h3 bxa4 27. Kh2 Bd3 28. Qd5 Qxe3 29. Qa5+ Kc8 30. Rhc1+ Kb8 31. Qb4+ Ka8 32.
Qxa4+ Kb8 33. Qb3+ Ka8 34. Qa3+ Kb8 35. Qb4+ Ka8 36. Qa4+ Kb8 37. Rc3 Bxd4
38. Qb4+ Ka7 39. Ra3+ Ba6 40. Rxe3 {Black resigns} 1-0

[Event "GambitGuide"]
[Site "Internet Chess Club"]
[Date "2014.10.31"]
[Round "1"]
[White "JSBach"]
[Black "Pdforma"]
[Result "1-0"]
[ICCResult "Black resigns"]
[WhiteElo "1602"]
[BlackElo "1400"]
[Opening "Vienna: `Frankenstein-Dracula' variation"]
[ECO "C27"]
[NIC "VG.02"]
[Time "12:20:59"]
[TimeControl "120+12"]

1. e4 e5 2. Nc3 Nf6 3. Bc4 Nxe4 4. Qh5 Nd6 5. Bb3 Nc6 6. Nb5 g6 7. Qf3 f5 8.
Qd5 Qe7 9. Nxc7+ Kd8 10. Nxa8 b6 11. d3 Bb7 12. Nxb6 axb6 13. Qf3 Nd4 14.
Qg3 Nxb3 15. axb3 e4 16. Bg5 exd3+ 17. Bxe7+ Bxe7 18. cxd3 {Black resigns}
1-0

[Event "GambitGuide"]
[Site "Internet Chess Club"]
[Date "2014.10.31"]
[Round "1"]
[White "JSBach"]
[Black "nsideurheadbro"]
[Result "1-0"]
[ICCResult "Black resigns"]
[WhiteElo "1602"]
[BlackElo "1184"]
[Opening "Vienna: `Frankenstein-Dracula' variation"]
[ECO "C27"]
[NIC "VG.02"]
[Time "12:19:38"]
[TimeControl "120+12"]

1. e4 e5 2. Nc3 Nf6 3. Bc4 Nxe4 4. Qh5 Nd6 5. Bb3 Nc6 6. Nb5 g6 7. Qf3 f5 8.
Qd5 Qe7 9. Nxc7+ Kd8 10. Nxa8 b6 11. d3 Bb7 12. Nxb6 axb6 13. Qf3 Nd4 14.
Qg3 f4 15. Qg4 Bh6 16. Ba4 e4 17. Qh3 exd3+ 18. Kf1 b5 19. Qxd3 Bxg2+ 20.
Kxg2 f3+ 21. Nxf3 Nxf3 22. Qxf3 Bxc1 23. Qa8+ Nc8 24. Rhxc1 bxa4 25. Qa5+
{Black resigns}
1-0

[Event "GambitGuide"]
[Site "Internet Chess Club"]
[Date "2014.10.31"]
[Round "1"]
[White "JSBach"]
[Black "Anunnaki"]
[Result "1-0"]
[ICCResult "Black resigns"]
[WhiteElo "1602"]
[BlackElo "1672"]
[Opening "Vienna: `Frankenstein-Dracula' variation"]
[ECO "C27"]
[NIC "VG.02"]
[Time "12:21:37"]
[TimeControl "120+12"]

1. e4 e5 2. Nc3 Nf6 3. Bc4 Nxe4 4. Qh5 Nd6 5. Bb3 Nc6 6. Nb5 g6 7. Qf3 f5 8.
Qd5 Qe7 9. Nxc7+ Kd8 10. Nxa8 b6 11. d3 Bb7 12. Nxb6 axb6 13. Qf3 Nd4 14.
Qh3 e4 15. Be3 Ne6 16. Bxb6+ Ke8 17. dxe4 {Black resigns} 1-0

[Event "GambitGuide"]
[Site "Internet Chess Club"]
[Date "2014.10.31"]
[Round "1"]
[White "JSBach"]
[Black "Cor"]
[Result "1-0"]
[ICCResult "Black resigns"]
[WhiteElo "1602"]
[BlackElo "1917"]
[Opening "Vienna: `Frankenstein-Dracula' variation"]
[ECO "C27"]
[NIC "VG.02"]
[Time "12:20:33"]
[TimeControl "120+12"]

1. e4 e5 2. Nc3 Nf6 3. Bc4 Nxe4 4. Qh5 Nd6 5. Bb3 Nc6 6. Nb5 g6 7. Qf3 f5 8.
Qd5 Qe7 9. Nxc7+ Kd8 10. Nxa8 b6 11. d3 Nb4 12. Bg5 Qxg5 13. Qxe5 Bh6 14.
Qxh8+ Ne8 15. Kf1 Ba6 16. Re1 {Black resigns} 1-0

[Event "GambitGuide"]
[Site "Internet Chess Club"]
[Date "2014.10.31"]
[Round "1"]
[White "JSBach"]
[Black "Pencil7"]
[Result "1-0"]
[ICCResult "Black resigns"]
[WhiteElo "1602"]
[BlackElo "1426"]
[Opening "Vienna: `Frankenstein-Dracula' variation"]
[ECO "C27"]
[NIC "VG.02"]
[Time "12:20:39"]
[TimeControl "120+12"]

1. e4 e5 2. Nc3 Nf6 3. Bc4 Nxe4 4. Qh5 Nd6 5. Bb3 Nc6 6. Nb5 g6 7. Qf3 f5 8.
Qd5 Qe7 9. Nxc7+ Kd8 10. Nxa8 b6 11. d3 Bb7 12. Nxb6 axb6 13. Qf3 Na5 14.
Qe3 Nc8 15. Nf3 Qb4+ 16. Bd2 Qf4 17. Qxf4 exf4 18. Bxf4 Nxb3 19. axb3 Bxf3
20. Bg5+ Be7 21. Bxe7+ Kxe7 22. gxf3 Nd6 23. Ke2 Re8 24. Rhe1 {Black
resigns} 1-0

[Event "GambitGuide"]
[Site "Internet Chess Club"]
[Date "2014.10.31"]
[Round "1"]
[White "JSBach"]
[Black "lebko"]
[Result "1-0"]
[ICCResult "Black resigns"]
[WhiteElo "1602"]
[BlackElo "1864"]
[Opening "Vienna: `Frankenstein-Dracula' variation"]
[ECO "C27"]
[NIC "VG.02"]
[Time "12:20:42"]
[TimeControl "120+12"]

1. e4 e5 2. Nc3 Nf6 3. Bc4 Nxe4 4. Qh5 Nd6 5. Bb3 Nc6 6. Nb5 g6 7. Qf3 f5 8.
Qd5 Qe7 9. Nxc7+ Kd8 10. Nxa8 b6 11. d3 Bb7 12. Nxb6 axb6 13. Qf3 Na5 14.
Qg3 Nxb3 15. axb3 Bg7 16. Be3 Kc7 17. Bg5 Bf6 18. Bxf6 Qxf6 19. Nf3 Re8 20.
b4 e4 21. dxe4 Rxe4+ 22. Kf1 Qxb2 23. Rd1 Qxb4 24. c3 Ba6+ 25. Kg1 Qc5 26.
Nd2 Re2 27. Nb3 Qe5 28. f4 Qe3+ 29. Qxe3 Rxe3 30. Nd4 Rxc3 31. h3 Rd3 32.
Kh2 Rxd1 33. Rxd1 Ne4 34. g4 Bb7 35. Rc1+ Bc6 36. gxf5 gxf5 37. Nxf5 d5 38.
Nd4 Nc5 39. f5 Kd6 40. Nxc6 Kxc6 41. f6 Kd7 42. Rb1 Kc6 43. f7 Nd7 44. Rc1+
Kd6 45. Rc8 d4 46. Rd8 Ke7 47. Rxd7+ Kxd7 48. f8=Q {Black resigns} 1-0

[Event "GambitGuide"]
[Site "Internet Chess Club"]
[Date "2014.10.31"]
[Round "1"]
[White "JSBach"]
[Black "almoehi"]
[Result "1/2-1/2"]
[ICCResult "Game drawn because neither player has mating material"]
[WhiteElo "1602"]
[BlackElo "1458"]
[Opening "Vienna: `Frankenstein-Dracula' variation"]
[ECO "C27"]
[NIC "VG.02"]
[Time "12:16:52"]
[TimeControl "120+12"]

1. e4 e5 2. Nc3 Nf6 3. Bc4 Nxe4 4. Qh5 Nd6 5. Bb3 Nc6 6. Nb5 g6 7. Qf3 f5 8.
Qd5 Qe7 9. Nxc7+ Kd8 10. Nxa8 b6 11. d3 e4 12. dxe4 Nxe4 13. Be3 f4 14. Nxb6
fxe3 15. O-O-O axb6 16. Qxc6 Nxf2 17. Qxb6+ Ke8 18. Qc7 Qc5 19. Qxc5 Bxc5
20. Rd5 d6 21. Ba4+ Ke7 22. b4 Bxb4 23. Kb2 Nxh1 24. Rd3 Bc5 25. Bc6 Nf2 26.
Rb3 Rf8 27. Ne2 Kf6 28. a4 Ba6 29. Bb5 Ra8 30. g3 h5 31. Kb1 g5 32. Kb2 h4
33. gxh4 gxh4 34. c4 h3 35. Bc6 Ra7 36. Bb5 Ng4 37. Nc3 Nxh2 38. Ne4+ Ke5
39. Nxc5 dxc5 40. Rxe3+ Kf4 41. Rxh3 Nf3 42. Bc6 Nd2 43. Kc3 Ne4+ 44. Bxe4
Kxe4 45. Rh4+ Ke5 46. Rh5+ Kd6 47. Rh6+ Ke5 48. Rc6 Bb7 49. Rxc5+ Kd6 50.
Kb4 Bc6 51. Ra5 Rb7+ 52. Kc3 Kc7 53. c5 Kb8 54. Kc4 Ra7 55. Rxa7 Kxa7 56.
Kb4 Ka6 57. Kb3 Ka5 58. Kc4 Kxa4 59. Kd4 Kb4 60. Ke5 Kxc5
{Game drawn because neither player has mating material}
1/2-1/2

[Event "GambitGuide"]
[Site "Internet Chess Club"]
[Date "2014.10.31"]
[Round "1"]
[White "JSBach"]
[Black "Pdforma"]
[Result "1-0"]
[ICCResult "Black resigns"]
[WhiteElo "1602"]
[BlackElo "1400"]
[Opening "Vienna: `Frankenstein-Dracula' variation"]
[ECO "C27"]
[NIC "VG.02"]
[Time "12:21:47"]
[TimeControl "120+12"]

1. e4 e5 2. Nc3 Nf6 3. Bc4 Nxe4 4. Qh5 Nd6 5. Bb3 Nc6 6. Nb5 g6 7. Qf3 f5 8.
Qd5 Qe7 9. Nxc7+ Kd8 10. Nxa8 b6 11. d3 Bb7 12. Nxb6 axb6 13. Qf3 e4 14. Qe3
Bg7 15. Qxb6+ Kc8 16. Ne2 exd3 17. cxd3 Re8 18. Be3 Bxb2 19. Rb1 Ba3 20. O-O
f4 21. Nxf4 Nf5 22. Bd5 Bb4 23. Bxc6 dxc6 24. Rxb4 {Black resigns} 1-0

[Event "GambitGuide"]
[Site "Internet Chess Club"]
[Date "2014.10.31"]
[Round "1"]
[White "JSBach"]
[Black "almoehi"]
[Result "1-0"]
[ICCResult "Black resigns"]
[WhiteElo "1602"]
[BlackElo "1458"]
[Opening "Vienna: `Frankenstein-Dracula' variation"]
[ECO "C27"]
[NIC "VG.02"]
[Time "12:23:01"]
[TimeControl "120+12"]

1. e4 e5 2. Nc3 Nf6 3. Bc4 Nxe4 4. Qh5 Nd6 5. Bb3 Nc6 6. Nb5 g6 7. Qf3 f5 8.
Qd5 Qe7 9. Nxc7+ Kd8 10. Nxa8 b6 11. d3 e4 12. dxe4 Nxe4 13. Be3 Qb4+ 14. c3
Qd6 15. Rd1 Qxd5 16. Bxd5 {Black resigns} 1-0

[Event "GambitGuide"]
[Site "Internet Chess Club"]
[Date "2014.10.31"]
[Round "1"]
[White "JSBach"]
[Black "FatMaHa"]
[Result "1-0"]
[ICCResult "Black resigns"]
[WhiteElo "1602"]
[BlackElo "1846"]
[Opening "Vienna: `Frankenstein-Dracula' variation"]
[ECO "C27"]
[NIC "VG.02"]
[Time "12:23:07"]
[TimeControl "120+12"]

1. e4 e5 2. Nc3 Nf6 3. Bc4 Nxe4 4. Qh5 Nd6 5. Bb3 Nc6 6. Nb5 g6 7. Qf3 f5 8.
Qd5 Qe7 9. Nxc7+ Kd8 10. Nxa8 b6 11. d3 Bb7 12. Nxb6 axb6 13. Qf3 e4 14. Qe3
exd3 15. cxd3 Qxe3+ 16. Bxe3 Bg7 17. Bxb6+ Kc8 18. Ne2 Re8 19. Rc1 Kb8 20.
Bc5 Kc7 21. Bd5 Nd4 22. Bxd4+ {Black resigns} 1-0

[Event "GambitGuide"]
[Site "Internet Chess Club"]
[Date "2014.10.31"]
[Round "1"]
[White "JSBach"]
[Black "Pdforma"]
[Result "1-0"]
[ICCResult "Black checkmated"]
[WhiteElo "1602"]
[BlackElo "1400"]
[Opening "Vienna: `Frankenstein-Dracula' variation"]
[ECO "C27"]
[NIC "VG.02"]
[Time "12:23:00"]
[TimeControl "120+12"]

1. e4 e5 2. Nc3 Nf6 3. Bc4 Nxe4 4. Qh5 Nd6 5. Bb3 Nc6 6. Nb5 g6 7. Qf3 f5 8.
Qd5 Qe7 9. Nxc7+ Kd8 10. Nxa8 b6 11. d3 Qh4 12. Nf3 Qg4 13. Bg5+ Be7 14.
Bxe7+ Nxe7 15. Qxe5 Qxg2 16. Qxh8+ Ne8 17. Ke2 Bb7 18. Ne5 d6 19. Bf7 Bxa8
20. Qxe8+ Kc7 21. Qxe7+ Kc8 22. Be6+ Kb8 23. Qd8+ Kb7 24. Qc8#
{Black checkmated}
1-0

[Event "GambitGuide"]
[Site "Internet Chess Club"]
[Date "2014.10.31"]
[Round "1"]
[White "JSBach"]
[Black "sskumaran1"]
[Result "1-0"]
[ICCResult "Black resigns"]
[WhiteElo "1602"]
[BlackElo "1120"]
[Opening "Vienna: `Frankenstein-Dracula' variation"]
[ECO "C27"]
[NIC "VG.02"]
[Time "12:21:22"]
[TimeControl "120+12"]

1. e4 e5 2. Nc3 Nf6 3. Bc4 Nxe4 4. Qh5 Nd6 5. Bb3 Nc6 6. Nb5 g6 7. Qf3 f5 8.
Qd5 Qe7 9. Nxc7+ Kd8 10. Nxa8 b6 11. d3 Bb7 12. Nxb6 axb6 13. Qf3 e4 14.
dxe4 Ne5 15. Qe3 h5 16. Qxb6+ Kc8 17. f4 Nec4 18. Qc5+ Kb8 19. Bxc4 Qxe4+
20. Be3 Nxc4 21. Qa7+ Kc8 22. Ne2 Nxe3 23. Kf2 Ng4+ 24. Ke1 Bd6 25. Rd1 Bxf4
26. Qc5+ Kb8 27. Rf1 Ne3 28. Nxf4 Nxf1+ 29. Kxf1 Qxf4+ 30. Kg1 Qe4 31. Qd6+
Ka8 32. Qa3+ Kb8 33. Qd6+ Ka8 34. Qa3+ Kb8 35. Qd6+ Ka8 36. Qa3+ Kb8 37.
Qd6+ Ka8 38. Qa3+ Kb8 39. Qd6+ Kc8 40. Qxd7+ Kb8 41. Qd6+ Ka8 42. Qa3+ Kb8
43. Qd6+ Ka8 44. Qa3+ {Black resigns} 1-0

[Event "GambitGuide"]
[Site "Internet Chess Club"]
[Date "2014.10.31"]
[Round "1"]
[White "JSBach"]
[Black "luuttu"]
[Result "1-0"]
[ICCResult "Black resigns"]
[WhiteElo "1602"]
[BlackElo "1615"]
[Opening "Vienna: `Frankenstein-Dracula' variation"]
[ECO "C27"]
[NIC "VG.02"]
[Time "12:22:34"]
[TimeControl "120+12"]

1. e4 e5 2. Nc3 Nf6 3. Bc4 Nxe4 4. Qh5 Nd6 5. Bb3 Nc6 6. Nb5 g6 7. Qf3 f5 8.
Qd5 Qe7 9. Nxc7+ Kd8 10. Nxa8 b6 11. d3 Nb4 12. Qf3 Bb7 13. Qh3 Bxa8 14. Bd2
Nc6 15. Bd5 Bg7 16. Ne2 Bf6 17. Rf1 Bb7 18. c4 Nd4 19. Rc1 Bxd5 20. cxd5 Re8
21. Qh6 g5 22. Ng3 e4 23. dxe4 Nxe4 24. Nxe4 Qxe4+ 25. Be3 f4 26. Qxf6+ Re7
27. d6 fxe3 28. dxe7+ Qxe7 29. Qh8+ Qe8 30. Rc8+ Kxc8 31. Qxe8+ Kc7 32. Qe5+
d6 33. Qxd4 exf2+ 34. Rxf2 {Black resigns} 1-0

[Event "GambitGuide"]
[Site "Internet Chess Club"]
[Date "2014.10.31"]
[Round "1"]
[White "JSBach"]
[Black "Pdforma"]
[Result "1-0"]
[ICCResult "Black resigns"]
[WhiteElo "1602"]
[BlackElo "1400"]
[Opening "Vienna: `Frankenstein-Dracula' variation"]
[ECO "C27"]
[NIC "VG.02"]
[Time "12:24:01"]
[TimeControl "120+12"]

1. e4 e5 2. Nc3 Nf6 3. Bc4 Nxe4 4. Qh5 Nd6 5. Bb3 Nc6 6. Nb5 g6 7. Qf3 f5 8.
Qd5 Qe7 9. Nxc7+ Kd8 10. Nxa8 b6 11. d3 Qf6 12. Nf3 Ne7 13. Qxe5 Qf7 14.
Bxf7 {Black resigns} 1-0

[Event "GambitGuide"]
[Site "Internet Chess Club"]
[Date "2014.10.31"]
[Round "1"]
[White "JSBach"]
[Black "nsideurheadbro"]
[Result "1-0"]
[ICCResult "Black resigns"]
[WhiteElo "1602"]
[BlackElo "1184"]
[Opening "Vienna: `Frankenstein-Dracula' variation"]
[ECO "C27"]
[NIC "VG.02"]
[Time "12:22:09"]
[TimeControl "120+12"]

1. e4 e5 2. Nc3 Nf6 3. Bc4 Nxe4 4. Qh5 Nd6 5. Bb3 Nc6 6. Nb5 g6 7. Qf3 f5 8.
Qd5 Qe7 9. Nxc7+ Kd8 10. Nxa8 b6 11. d3 Bb7 12. Nxb6 axb6 13. Qf3 e4 14.
dxe4 Nxe4 15. Be3 Ng5 16. Qg3 Bg7 17. Qxg5 Bf6 18. Qh6 Re8 19. O-O-O Nb4 20.
Bxb6+ Kc8 21. Qh3 Bg5+ 22. Kb1 Be4 23. Nf3 Bf6 24. Rhe1 Qf7 25. Bxf7
{Black resigns}
1-0

[Event "GambitGuide"]
[Site "Internet Chess Club"]
[Date "2014.10.31"]
[Round "1"]
[White "JSBach"]
[Black "JoseLL23"]
[Result "1-0"]
[ICCResult "Black resigns"]
[WhiteElo "1602"]
[BlackElo "1601"]
[Opening "Vienna: `Frankenstein-Dracula' variation"]
[ECO "C27"]
[NIC "VG.02"]
[Time "12:22:10"]
[TimeControl "120+12"]

1. e4 e5 2. Nc3 Nf6 3. Bc4 Nxe4 4. Qh5 Nd6 5. Bb3 Nc6 6. Nb5 g6 7. Qf3 f5 8.
Qd5 Qe7 9. Nxc7+ Kd8 10. Nxa8 b6 11. d3 Bb7 12. Nxb6 axb6 13. Qf3 Nd4 14.
Qg3 Bg7 15. Bg5 Bf6 16. Bxf6 Qxf6 17. Ba4 b5 18. Bb3 Re8 19. c3 Nxb3 20.
axb3 e4 21. d4 b4 22. Ne2 f4 23. Nxf4 Nf5 24. Qg4 e3 25. O-O exf2+ 26. Rxf2
Ne3 27. Qg3 Nf5 28. Qd3 Re3 29. Qb5 Bc6 30. Qb8+ Ke7 31. d5 {Black resigns}
1-0

[Event "GambitGuide"]
[Site "Internet Chess Club"]
[Date "2014.10.31"]
[Round "1"]
[White "JSBach"]
[Black "FatMaHa"]
[Result "1-0"]
[ICCResult "Black resigns"]
[WhiteElo "1602"]
[BlackElo "1846"]
[Opening "Vienna: `Frankenstein-Dracula' variation"]
[ECO "C27"]
[NIC "VG.02"]
[Time "12:23:42"]
[TimeControl "120+12"]

1. e4 e5 2. Nc3 Nf6 3. Bc4 Nxe4 4. Qh5 Nd6 5. Bb3 Nc6 6. Nb5 g6 7. Qf3 f5 8.
Qd5 Qe7 9. Nxc7+ Kd8 10. Nxa8 b6 11. d3 Bg7 12. Nh3 h6 13. Ba4 Bb7 14. Nxb6
axb6 15. Qb3 b5 16. Be3 bxa4 17. Qxa4 f4 18. Bc5 g5 19. Qb3 g4 20. Bxd6 Qxd6
21. Qxb7 gxh3 22. gxh3 Ke7 23. Rg1 Bf6 24. O-O-O Rb8 25. Qa6 Qb4 26. b3 Qc3
27. Qa3+ d6 28. Rde1 Nd4 29. Rxe5+ Bxe5 30. Qa7+ Ke6 31. Rg6+ Kf5 32. Qf7+
{Black resigns}
1-0

[Event "GambitGuide"]
[Site "Internet Chess Club"]
[Date "2014.10.31"]
[Round "1"]
[White "JSBach"]
[Black "Joennyxan"]
[Result "1-0"]
[ICCResult "Black resigns"]
[WhiteElo "1602"]
[BlackElo "843"]
[Opening "Vienna: `Frankenstein-Dracula' variation"]
[ECO "C27"]
[NIC "VG.02"]
[Time "12:21:25"]
[TimeControl "120+12"]

1. e4 e5 2. Nc3 Nf6 3. Bc4 Nxe4 4. Qh5 Nd6 5. Bb3 Nc6 6. Nb5 g6 7. Qf3 f5 8.
Qd5 Qe7 9. Nxc7+ Kd8 10. Nxa8 b6 11. d3 Nb4 12. Qf3 e4 13. dxe4 Nxe4 14. Be3
Nxc2+ 15. Bxc2 Qb4+ 16. Kd1 Qxb2 17. Rc1 Nc3+ 18. Kd2 Nxa2 19. Bg5+ Be7 20.
Bxe7+ Kxe7 21. Re1+ Kf7 22. Qb3+ Qxb3 23. Bxb3+ Kg7 24. Bxa2 Bb7 25. Re7+
Kh6 26. Nxb6 axb6 27. f3 {Black resigns} 1-0

[Event "GambitGuide"]
[Site "Internet Chess Club"]
[Date "2014.10.31"]
[Round "1"]
[White "JSBach"]
[Black "FatMaHa"]
[Result "1-0"]
[ICCResult "Black resigns"]
[WhiteElo "1602"]
[BlackElo "1846"]
[Opening "Vienna: `Frankenstein-Dracula' variation"]
[ECO "C27"]
[NIC "VG.02"]
[Time "12:24:56"]
[TimeControl "120+12"]

1. e4 e5 2. Nc3 Nf6 3. Bc4 Nxe4 4. Qh5 Nd6 5. Bb3 Nc6 6. Nb5 g6 7. Qf3 f5 8.
Qd5 Qe7 9. Nxc7+ Kd8 10. Nxa8 b6 11. d3 Qe6 12. Qxe6 dxe6 13. Bg5+ Be7 14.
Bh6 Rg8 15. Rd1 Nd4 16. Nf3 Nxf3+ 17. gxf3 Bb7 18. Bxe6 Bxa8 19. Bxg8
{Black resigns}
1-0

[Event "GambitGuide"]
[Site "Internet Chess Club"]
[Date "2014.10.31"]
[Round "1"]
[White "JSBach"]
[Black "Wannabet"]
[Result "1-0"]
[ICCResult "Black resigns"]
[WhiteElo "1602"]
[BlackElo "1455"]
[Opening "Vienna: `Frankenstein-Dracula' variation"]
[ECO "C27"]
[NIC "VG.02"]
[Time "12:23:34"]
[TimeControl "120+12"]

1. e4 e5 2. Nc3 Nf6 3. Bc4 Nxe4 4. Qh5 Nd6 5. Bb3 Nc6 6. Nb5 g6 7. Qf3 f5 8.
Qd5 Qe7 9. Nxc7+ Kd8 10. Nxa8 b6 11. d3 Bb7 12. Nxb6 axb6 13. Qf3 Qf6 14.
Qe3 Kc7 15. Qg5 Qg7 16. Nf3 Be7 17. Qh6 Qf6 18. Bg5 Qf8 19. Bd5 Bxg5 20.
Qxg5 Qg7 21. Qe3 f4 22. Qd2 Nf5 23. Qc3 Kd6 24. Be4 Ncd4 25. Bxb7 Nxf3+ 26.
Bxf3 {Black resigns} 1-0

[Event "GambitGuide"]
[Site "Internet Chess Club"]
[Date "2014.10.31"]
[Round "1"]
[White "JSBach"]
[Black "sskumaran1"]
[Result "1-0"]
[ICCResult "Black resigns"]
[WhiteElo "1602"]
[BlackElo "1120"]
[Opening "Vienna: `Frankenstein-Dracula' variation"]
[ECO "C27"]
[NIC "VG.02"]
[Time "12:23:57"]
[TimeControl "120+12"]

1. e4 e5 2. Nc3 Nf6 3. Bc4 Nxe4 4. Qh5 Nd6 5. Bb3 Nc6 6. Nb5 g6 7. Qf3 f5 8.
Qd5 Qe7 9. Nxc7+ Kd8 10. Nxa8 b6 11. d3 Bb7 12. Nxb6 axb6 13. Qf3 e4 14. Qe3
Bg7 15. Qxb6+ Kc8 16. Ne2 exd3 17. cxd3 Re8 18. Be3 f4 19. Nxf4 Bxb2 20. Nd5
Qd8 21. Rb1 Rxe3+ 22. Qxe3 Bd4 23. Qf4 Qe8+ 24. Kf1 Ne5 25. Qxd4 {Black
resigns} 1-0

[Event "GambitGuide"]
[Site "Internet Chess Club"]
[Date "2014.10.31"]
[Round "1"]
[White "JSBach"]
[Black "Joennyxan"]
[Result "1-0"]
[ICCResult "Black resigns"]
[WhiteElo "1602"]
[BlackElo "843"]
[Opening "Vienna: `Frankenstein-Dracula' variation"]
[ECO "C27"]
[NIC "VG.02"]
[Time "12:25:12"]
[TimeControl "120+12"]

1. e4 e5 2. Nc3 Nf6 3. Bc4 Nxe4 4. Qh5 Nd6 5. Bb3 Nc6 6. Nb5 g6 7. Qf3 f5 8.
Qd5 Qe7 9. Nxc7+ Kd8 10. Nxa8 b6 11. d3 g5 12. Nf3 e4 13. Bxg5 {Black
resigns} 1-0

[Event "GambitGuide"]
[Site "Internet Chess Club"]
[Date "2014.10.31"]
[Round "1"]
[White "JSBach"]
[Black "Pdforma"]
[Result "1-0"]
[ICCResult "Black resigns"]
[WhiteElo "1602"]
[BlackElo "1400"]
[Opening "Vienna: `Frankenstein-Dracula' variation"]
[ECO "C27"]
[NIC "VG.02"]
[Time "12:24:33"]
[TimeControl "120+12"]

1. e4 e5 2. Nc3 Nf6 3. Bc4 Nxe4 4. Qh5 Nd6 5. Bb3 Nc6 6. Nb5 g6 7. Qf3 f5 8.
Qd5 Qe7 9. Nxc7+ Kd8 10. Nxa8 b6 11. d3 Bb7 12. Nxb6 axb6 13. Qf3 Kc7 14.
Bd2 e4 15. Qe3 Bg7 16. dxe4 Re8 17. f3 fxe4 18. O-O-O Qd8 19. Bd5 exf3 20.
Qxf3 Na5 21. Bf4 Bxd5 22. Qxd5 Be5 23. Ne2 Bxf4+ 24. Nxf4 Qf6 25. Rhf1 Nac4
26. Qxc4+ Nxc4 27. Nd5+ Kc6 28. Nxf6 {Black resigns} 1-0

[Event "GambitGuide"]
[Site "Internet Chess Club"]
[Date "2014.10.31"]
[Round "1"]
[White "JSBach"]
[Black "Pencil7"]
[Result "0-1"]
[ICCResult "White checkmated"]
[WhiteElo "1602"]
[BlackElo "1426"]
[Opening "Vienna: `Frankenstein-Dracula' variation"]
[ECO "C27"]
[NIC "VG.02"]
[Time "12:22:44"]
[TimeControl "120+12"]

1. e4 e5 2. Nc3 Nf6 3. Bc4 Nxe4 4. Qh5 Nd6 5. Bb3 Nc6 6. Nb5 g6 7. Qf3 f5 8.
Qd5 Qe7 9. Nxc7+ Kd8 10. Nxa8 b6 11. d3 Nb4 12. Bg5 Nxd5 13. Bxe7+ Nxe7 14.
d4 Bb7 15. dxe5 Ne4 16. f3 Nc5 17. Nxb6 axb6 18. Kd2 Nd5 19. Bxd5 Bxd5 20.
b4 Ne6 21. a3 Bc4 22. Kc3 b5 23. a4 Bg7 24. Re1 Ke7 25. h4 Rc8 26. axb5
Bxb5+ 27. Kd2 Nd4 28. f4 Rxc2+ 29. Ke3 Ne6 30. Nh3 Rxg2 31. Ng5 Rg3+ 32. Kf2
Rb3 33. Nxe6 Kxe6 34. Rb1 Rxb1 35. Rxb1 Bh6 36. Kg3 Bf8 37. Rb3 Kd5 38. e6
Kxe6 39. Kh3 d5 40. Re3+ Kd6 41. Re5 Bg7 42. Re3 d4 43. Re1 d3 44. Kg2 Bc3
45. Rd1 d2 46. Kh2 Ba4 47. Rb1 d1=Q 48. Rxd1+ Bxd1 49. h5 Bxb4 50. hxg6 hxg6
51. Kg2 Bd2 52. Kf1 Bg4 53. Kg2 Bxf4 54. Kf1 Bg3 55. Kg2 Bh4 56. Kh2 f4 57.
Kg1 Ke5 58. Kf1 Bf5 59. Ke2 g5 60. Kf3 g4+ 61. Ke2 Be4 62. Kf1 g3 63. Kg1
Bf6 64. Kf1 Be7 65. Ke2 Bc5 66. Kf1 g2+ 67. Ke1 g1=Q+ 68. Ke2 f3+ 69. Kd2 f2
70. Kc3 f1=Q 71. Kb2 Qb5+ 72. Kc3 Qe3# {White checkmated} 0-1

[Event "GambitGuide"]
[Site "Internet Chess Club"]
[Date "2014.10.31"]
[Round "1"]
[White "JSBach"]
[Black "lebko"]
[Result "1-0"]
[ICCResult "Black resigns"]
[WhiteElo "1602"]
[BlackElo "1864"]
[Opening "Vienna: `Frankenstein-Dracula' variation"]
[ECO "C27"]
[NIC "VG.02"]
[Time "12:22:56"]
[TimeControl "120+12"]

1. e4 e5 2. Nc3 Nf6 3. Bc4 Nxe4 4. Qh5 Nd6 5. Bb3 Nc6 6. Nb5 g6 7. Qf3 f5 8.
Qd5 Qe7 9. Nxc7+ Kd8 10. Nxa8 b6 11. d3 Bb7 12. Nxb6 axb6 13. Qf3 Nd4 14.
Qh3 Bg7 15. Be3 Kc7 16. Rc1 f4 17. Bd2 Bf6 18. a3 h5 19. Bb4 g5 20. f3 Qg7
21. Kd1 g4 22. fxg4 Qxg4+ 23. Qxg4 hxg4 24. h4 N6f5 25. h5 Ne3+ 26. Kd2 Nxg2
27. Rh2 f3 28. Kc3 Nxb3 29. Kxb3 Bd5+ 30. c4 Be6 31. Ne2 Bg5 32. Rch1 Bf4
33. Nxf4 exf4 34. Bc3 Rh7 35. Bd2 g3 36. Rxg2 fxg2 37. Bxf4+ Kc6 38. Rg1 Bh3
39. h6 d5 40. Kc3 dxc4 41. Kxc4 Be6+ 42. Kd4 Bd5 43. Rc1+ Kb7 44. Kxd5 Rf7
45. Bxg3 Rf1 46. Rc7+ Ka6 47. Bh2 Rh1 48. Bg1 Rxg1 49. Rc2 Rd1 50. Rxg2
Rxd3+ 51. Ke4 Rh3 52. Rg6 Ka5 53. Kf4 Rb3 54. h7 Rh3 55. Rg7 Rh4+ 56. Kg5
Rh2 57. Kg6 Ka4 58. Rc7 Rg2+ 59. Kh6 Rh2+ 60. Kg6 Rg2+ 61. Kf7 Rf2+ 62. Kg8
Rg2+ 63. Rg7 Rxb2 64. Ra7+ Kb3 65. h8=Q {Black resigns} 1-0

[Event "GambitGuide"]
[Site "Internet Chess Club"]
[Date "2014.10.31"]
[Round "1"]
[White "JSBach"]
[Black "Pdforma"]
[Result "1-0"]
[ICCResult "Black checkmated"]
[WhiteElo "1602"]
[BlackElo "1400"]
[Opening "Vienna: `Frankenstein-Dracula' variation"]
[ECO "C27"]
[NIC "VG.02"]
[Time "12:26:10"]
[TimeControl "120+12"]

1. e4 e5 2. Nc3 Nf6 3. Bc4 Nxe4 4. Qh5 Nd6 5. Bb3 Nc6 6. Nb5 g6 7. Qf3 f5 8.
Qd5 Qe7 9. Nxc7+ Kd8 10. Nxa8 b6 11. d3 Qh4 12. Nf3 Qb4+ 13. Bd2 Qg4 14.
Bg5+ Ke8 15. Nc7# {Black checkmated} 1-0

[Event "GambitGuide"]
[Site "Internet Chess Club"]
[Date "2014.10.31"]
[Round "1"]
[White "JSBach"]
[Black "nsideurheadbro"]
[Result "1-0"]
[ICCResult "Black resigns"]
[WhiteElo "1602"]
[BlackElo "1184"]
[Opening "Vienna: `Frankenstein-Dracula' variation"]
[ECO "C27"]
[NIC "VG.02"]
[Time "12:24:56"]
[TimeControl "120+12"]

1. e4 e5 2. Nc3 Nf6 3. Bc4 Nxe4 4. Qh5 Nd6 5. Bb3 Nc6 6. Nb5 g6 7. Qf3 f5 8.
Qd5 Qe7 9. Nxc7+ Kd8 10. Nxa8 b6 11. d3 Bb7 12. Nxb6 axb6 13. Qf3 f4 14. Qg4
Bh6 15. Ne2 Nd4 16. Nxd4 exd4+ 17. Kf1 Rf8 18. Qh3 f3 19. g3 Bxc1 20. Rxc1
Nf5 21. Re1 Qb4 22. Qxh7 Ne3+ 23. fxe3 dxe3 24. Rxe3 Qd2 25. Qe7+ Kc8 26.
Qxf8+ Kc7 27. Qf4+ Kc6 28. Re6+ {Black resigns} 1-0